 Dungeon Crawl Stone Soup version 0.22.1-5-g62c59d9 (webtiles) character file.

1304 Loza the Slasher (level 8, -3/79 HPs)
             Began as a Troll Berserker on Jan 11, 2019.
             Was a Believer of Trog.
             Slain by Duvessa
             ... wielding a +0 short sword
              (15 damage)
             ... on level 6 of the Dungeon.
             The game lasted 00:24:29 (4728 turns).

Loza the Slasher (Troll Berserker)                  Turns: 4728, Time: 00:24:30

Health: -3/79      AC:  7    Str: 28    XL:     8   Next: 31%
Magic:  7/7        EV: 12    Int:  3    God:    Trog [**....]
Gold:   360        SH:  0    Dex:  9    Spells: 7/7 levels left

rFire    . . .     SeeInvis .   a - +2 falchion
rCold    . . .     Gourm    +   (no shield)
rNeg     . . .     Faith    .   b - +1 animal skin
rPois    .         Spirit   .   (helmet restricted)
rElec    .         Reflect  .   o - +0 cloak
rCorr    .         Harm     .   (gloves unavailable)
MR       ++...                  (boots unavailable)
Stlth    +.........             g - amulet of the acrobat
HPRegen  1.63/turn              (no ring)
MPRegen  0.10/turn              (no ring)

@: regenerating
A: large, unfitting armour, claws 3, fast metabolism 3, gourmand, regeneration
1, shaggy fur 1, tough skin 2
a: Berserk, Trog's Hand, Renounce Religion


You were on level 6 of the Dungeon.
You worshipped Trog.
Trog was pleased with you.
You were not hungry.

You visited 1 branch of the dungeon, and saw 6 of its levels.

You collected 360 gold pieces.

Inventory:

Hand Weapons
 a - a +2 falchion (weapon)
 q - a cursed +0 short sword
Armour
 b - a +1 animal skin (worn)
 o - a +0 cloak (worn)
Jewellery
 d - an uncursed ring of flight
 e - a cursed -2 ring of dexterity
 g - an amulet of the acrobat (around neck)
 u - an uncursed ring of protection from magic {unknown}
Wands
 l - a wand of paralysis (6)
Scrolls
 f - 8 scrolls of remove curse
 k - a scroll of enchant weapon
 n - 3 scrolls of fear {unknown}
 t - 2 scrolls of teleportation
Potions
 h - a potion of ambrosia {unknown}
 i - a potion of berserk rage {unknown}
 j - 2 potions of brilliance
 m - a potion of flight {unknown}
 p - a potion of resistance {unknown}
 r - a potion of degeneration {unknown}
 s - a potion of agility {unknown}
Comestibles
 c - 11 rations


   Skills:
 + Level 4.6 Fighting
 + Level 6.0 Long Blades
 + Level 5.5 Dodging
 + Level 0.4 Stealth


You had 7 spell levels left.
You didn't know any spells.
Your spell library was empty.

Dungeon Overview and Level Annotations

Branches:
Dungeon (6/15)             Temple (0/1) D:6

Altars:
Ashenzari
Ru
The Shining One

Annotations:
D:3 1 runed door
D:6 Duvessa


Innate Abilities, Weirdness & Mutations

You are too large for most types of armour.
You have claws for hands.
Your metabolism is lightning-fast.
You like to eat raw meat.
Your natural rate of healing is unusually fast.
You are covered in fur. (AC +1)
You have very tough skin. (AC +2)


Message History

Your skin crawls.
You feel resistant to hostile enchantments.
You feel somewhat more hungry. Duvessa closely misses you.
You riposte.
You slash Duvessa!
Duvessa is heavily wounded.
Duvessa hits you with a short sword!
You hit Duvessa.
Duvessa is heavily wounded.
Duvessa barely misses you.
You hit Duvessa.
Duvessa is severely wounded.
Duvessa hits you with a short sword. Duvessa hits you with a short sword!
You hit Duvessa.
Duvessa is severely wounded.
Duvessa hits you with a short sword!
* * * LOW HITPOINT WARNING * * *
You feel the effects of Trog's Hand fading.
Duvessa rages.
Duvessa hits you with a short sword!
You die...

##.###........##.#
##)..##...........#
####.....##.......####
......................
#................P...
#.......####.##..PPP.
#............# ..>...
####.).....####.#


PP.... .........@.# #.. P.PP ........e### ###.....# ###..## #..# #..# #..# ...#
##.## You could see Duvessa (berserk).

Vanquished Creatures
  Eustachio (D:5)
  A sky beast (D:5)
  2 ogres (D:5)
  A black bear (D:5)
  A centaur (D:3)
  2 scorpions
  Dowan (D:6)
  2 crimson imps (D:5)
  An orc priest (D:6)
  A jelly (D:5)
  A hound (D:3)
  5 orc wizards
  Ijyb (D:3)
  Terence (D:3)
  A worker ant (D:4)
  A killer bee zombie (D:5)
  A howler monkey zombie (D:5)
  6 adders
  A shadow imp (D:5)
  2 worms (D:5)
  3 dart slugs
  3 leopard geckos
  20 orcs
  3 ball pythons
  11 bats
  5 giant cockroaches
  8 goblins
  7 hobgoblins
  7 jackals
  3 quokkas
  6 frilled lizards
  5 kobolds
  A leopard gecko skeleton (D:4)
  16 rats
131 creatures vanquished.

Notes
Turn   | Place    | Note
-------+----------+-------------------------------------------
     0 | D:1      | Loza the Troll Berserker began the quest for the Orb.
     0 | D:1      | Reached XP level 1. HP: 22/22 MP: 0/0
    34 | D:1      | Reached XP level 2. HP: 16/29 MP: 1/1
   221 | D:1      | Reached ** piety under Trog
   366 | D:1      | Reached XP level 3. HP: 34/36 MP: 2/2
   553 | D:1      | Reached skill level 3 in Long Blades
   751 | D:1      | Found a shattered altar of Ashenzari.
  1200 | D:2      | Reached XP level 4. HP: 40/44 MP: 3/3
  1714 | D:2      | Reached XP level 5. HP: 21/53 MP: 4/4
  2040 | D:3      | Noticed Ijyb
  2041 | D:3      | Paralysed by Ijyb for 3 turns
  2052 | D:3      | Paralysed by Ijyb for 3 turns
  2079 | D:3      | Killed Ijyb
  2111 | D:3      | Noticed a centaur
  2130 | D:3      | Killed a centaur
  2130 | D:3      | Reached skill level 4 in Long Blades
  2348 | D:3      | Reached *** piety under Trog
  2348 | D:3      | Reached XP level 6. HP: 61/61 MP: 5/5
  2349 | D:3      | Noticed Terence
  2362 | D:3      | Killed Terence
  2428 | D:3      | Found a sacrificial altar of Ru.
  2516 | D:3      | Found a runed door.
  3551 | D:5      | Entered Level 5 of the Dungeon
  3761 | D:5      | Reached XP level 7. HP: 67/67 MP: 6/6
  3805 | D:5      | Reached skill level 5 in Long Blades
  3865 | D:5      | Found a glowing golden altar of the Shining One.
  3970 | D:5      | Noticed Eustachio
  4160 | D:5      | Killed Eustachio
  4256 | D:5      | HP: 1/70 [black bear (5)]
  4335 | D:5      | Reached skill level 5 in Dodging
  4335 | D:5      | Reached XP level 8. HP: 33/78 MP: 7/7
  4669 | D:6      | Found a staircase to the Ecumenical Temple.
  4686 | D:6      | Noticed Dowan
  4707 | D:6      | Killed Dowan
  4707 | D:6      | Reached skill level 6 in Long Blades
  4712 | D:6      | Noticed Duvessa
  4728 | D:6      | Slain by Duvessa

Skill      XL: |  1  2  3  4  5  6  7  8 |
---------------+-------------------------+-----
Long Blades    | 3 4 5 6 |  6.0
Dodging        | 3 4 5 |  5.5
Fighting       | 3 4 |  4.6
Stealth        | |  0.4

Action                   |  1- 3 |  4- 6 |  7- 9 || total
-------------------------+-------+-------+-------++-------
Melee: Falchion          |   179 |   269 |   237 ||   685
Invok: Trog's Hand       |       |     2 |    10 ||    12
       Berserk           |       |     1 |     3 ||     4
  Use: Scroll            |     5 |     5 |     2 ||    12
       Potion            |     2 |     1 |       ||     3
  Eat: Chunk             |     4 |    13 |    15 ||    32
       Ration            |     1 |     4 |     1 ||     6
Armor: Animal skin       |    99 |    82 |   211 ||   392
       Skin              |    27 |       |       ||    27
Dodge: Dodged            |   128 |   162 |   259 ||   549
       Rpst.: Falchion   |    42 |    61 |    53 ||   156
